 Dungeon Crawl Stone Soup version 0.19-a0-1895-g783e625 (webtiles) character file.

6226 Amnesiac the Geomancer (level 10, -2/50 HPs)
             Began as a Deep Elf Earth Elementalist on Oct 18, 2016.
             Was an Elder of Sif Muna.
             Slain by a killer bee (6 damage)
             ... on level 10 of the Dungeon.
             The game lasted 00:12:30 (4455 turns).

Amnesiac the Geomancer (DEEE)                       Turns: 4455, Time: 00:12:30

Health: -2/50      AC:  6    Str:  5    XL:     10   Next: 61%
Magic:  18/27      EV: 13    Int: 23    God:    Sif Muna [****..]
Gold:   265        SH:  0    Dex: 14    Spells: 5 memorised, 17 levels left

rFire  + . .     SeeInvis +     (no weapon)
rCold  . . .     Gourm    .     c - +0 robe
rNeg   . . .     Faith    .     (no shield)
rPois  .         Spirit   .     (no helmet)
rElec  .         Reflect  .     w - +1 cloak
rCorr  .         Harm     .     y - +1 pair of gloves
MR     +....                    (no boots)
Stlth  ++........               (no amulet)
                                n - ring of protection from fire
                                C - -2 ring of dexterity (curse)

@: lethally poisoned (-2 -> -20), about to teleport, divine energy
A: see invisible, deterioration 1
a: Stop Divine Energy, Channel Magic, Forget Spell, Renounce Religion


You were on level 10 of the Dungeon.
You worshipped Sif Muna.
Sif Muna was greatly pleased with you.
You were not hungry.

You visited 2 branches of the dungeon, and saw 11 of its levels.

You collected 302 gold pieces.
You spent 37 gold pieces at shops.

Inventory:

Hand Weapons
 h - a +2 short sword of protection
 u - a +2 dagger of electrocution
 z - the +1 falchion of the Grave {elec, Int+4}
   (You found it on level 7 of the Dungeon)

   Occasionally, upon striking a foe, it will discharge some electrical energy
   and cause terrible harm.
   It affects your intelligence (+4).
Missiles
 x - a throwing net (quivered)
Armour
 c - a +0 robe (worn)
 w - a +1 cloak (worn)
 y - a +1 pair of gloves (worn)
Jewellery
 j - an uncursed ring of see invisible
 n - a ring of protection from fire (right hand)
 C - a cursed -2 ring of dexterity (left hand)
Wands
 r - a wand of lightning (4/15)
 t - a wand of polymorph (12/24)
 B - a wand of acid (6/15)
Scrolls
 g - 4 scrolls of remove curse
 s - 3 scrolls of identify
Potions
 b - 3 potions of might
 f - 6 potions of curing
 i - a potion of lignification
 p - a potion of cure mutation
 v - a potion of heal wounds
Books
 e - a book of Geomancy

   Spells                             Type                      Level
   a - Sandblast                      Earth                        1
   b - Passwall                       Transmutation/Earth          2
   c - Stone Arrow                    Conjuration/Earth            3
   d - Petrify                        Transmutation/Earth          4
   e - Lee's Rapid Deconstruction     Earth                        5
Comestibles
 a - 3 meat rations
 d - 6 bread rations
 k - 3 fruits
 l - 2 beef jerkies
 q - 3 chunks of flesh


   Skills:
 - Level 2.4 Dodging
 - Level 2.4 Stealth
 + Level 11.7 Spellcasting
 + Level 8.4 Conjurations
 - Level 1.1 Transmutations
 * Level 12.3 Earth Magic


You had 17 spell levels left.
You knew the following spells:

 Your Spells              Type           Power        Failure   Level  Hunger
a - Stone Arrow           Conj/Erth      ######       1%          3    None
e - Petrify               Tmut/Erth      #####...     3%          4    None
f - Lee's Rapid Deconstr  Erth           ######....   1%          5    ####...
v - Passwall              Tmut/Erth      #####.....   1%          2    None
z - Sandblast             Erth           ######       1%          1    None


Dungeon Overview and Level Annotations

Branches:
Dungeon (10/15)            Temple (1/1) D:5
   Lair: D:8-11         Orc: D:9-12

Altars:
Ashenzari
Cheibriados
Fedhas
Hepliaklqana
Okawaru
Qazlal
Sif Muna
Xom
Yredelemnul
Zin
The Shining One

Shops:
D:5 (


Innate Abilities, Weirdness & Mutations

You have supernaturally acute eyesight. (SInv)
Your body sometimes deteriorates upon taking damage.


Message History

You are more poisoned.
The killer bee poisons you! The killer bee stings you.
* * * LOW HITPOINT WARNING * * *
Casting: Sandblast
Confirm with . or Enter, or press ? or * to list all spells.
Aiming: Sandblast
Press: ? - help, Shift-Dir - straight line, f/p - killer bee
Aim: a killer bee (severely wounded)
The blast of sand hits the killer bee.
You kill the killer bee!
Sif Muna accepts your kill.
* * * LOW HITPOINT WARNING * * *
You feel sick. The killer bee barely misses you. x3
As you read the scroll of teleportation, it crumbles to dust.
You feel strangely unstable.
You feel sick. The killer bee stings you!
* * * LOW HITPOINT WARNING * * *
You are more poisoned.
The killer bee poisons you! The killer bee barely misses you.
The killer bee stings you.
You die...

...#.#
....##
.....##
.......
##.......
##†.......
##y†.......
##yy........
#@#....(....
##y.........
#...........
#..........#
#........###
#.........#
#........##
##.........
#.#........


You could see a queen bee and 3 killer bees.

Vanquished Creatures
  A centaur warrior (D:9)
  An unseen horror (D:10)
  A cyclops (D:9)
  A troll (D:10)
  A hornet (D:10)
  2 hippogriffs
  4 yaks (D:9)
  Eustachio (D:4)
  A vampire (D:9)
  A vampire mosquito (D:9)
  A mottled dragon (D:9)
  An ice beast (D:6)
  A sky beast (D:8)
  A hornet zombie (D:8)
  2 orc warriors (D:8)
  4 ogres
  2 phantoms
  5 centaurs
  A big kobold (D:8)
  2 bullfrogs
  4 killer bees (D:10)
  4 wights (D:8)
  A crimson imp (D:5)
  A centaur zombie (D:8)
  A bullfrog zombie (D:10)
  A hound (D:8)
  A bullfrog skeleton (D:4)
  12 orc wizards
  3 orc priests
  A centaur skeleton (D:4)
  2 iguanas (D:8)
  A worker ant (D:7)
  11 gnolls
  4 adders
  A shadow imp (D:9)
  An ooze (D:1)
  An adder zombie (D:5)
  2 adder skeletons
  2 worms (D:5)
  A dart slug (D:1)
  A leopard gecko (D:5)
  12 orcs
  4 giant cockroaches
  12 goblins
  5 hobgoblins
  9 jackals
  12 kobolds
  A quokka (D:4)
  2 bats
  3 frilled lizards
  A giant cockroach zombie (D:5)
  A leopard gecko skeleton (D:7)
  A quokka zombie (D:7)
153 creatures vanquished.

Notes
Turn   | Place    | Note
-------+----------+-------------------------------------------
     0 | D:1      | Amnesiac the Deep Elf Earth Elementalist began the quest for the Orb.
     0 | D:1      | Reached XP level 1. HP: 10/10 MP: 6/6
    31 | D:1      | Reached XP level 2. HP: 15/15 MP: 1/8
    40 | D:1      | Learned a level 2 spell: Passwall
   174 | D:2      | Reached skill level 4 in Earth Magic
   176 | D:2      | Reached XP level 3. HP: 19/19 MP: 3/10
   495 | D:2      | Learned a level 3 spell: Stone Arrow
   682 | D:4      | Reached skill level 5 in Earth Magic
   682 | D:4      | Reached XP level 4. HP: 24/24 MP: 0/12
   809 | D:4      | Noticed a phantom
   810 | D:4      | Found a stormy altar of Qazlal.
   813 | D:4      | Found a basalt altar of Yredelemnul.
   827 | D:4      | Found a shattered altar of Ashenzari.
   830 | D:4      | Found a shimmering altar of Xom.
   845 | D:4      | Killed a phantom
   845 | D:4      | Reached skill level 6 in Earth Magic
   845 | D:4      | Reached XP level 5. HP: 20/28 MP: 2/13
   932 | D:4      | Noticed Eustachio
  1167 | D:4      | Found a hazy altar of Hepliaklqana.
  1169 | D:4      | Found an iron altar of Okawaru.
  1171 | D:4      | Killed Eustachio
  1171 | D:4      | Reached skill level 7 in Earth Magic
  1171 | D:4      | Reached XP level 6. HP: 14/32 MP: 9/14
  1193 | D:4      | Reached skill level 8 in Earth Magic
  1194 | D:4      | Found a glowing silver altar of Zin.
  1196 | D:4      | Found a glowing golden altar of the Shining One.
  1471 | D:5      | Entered Level 5 of the Dungeon
  1519 | D:5      | Reached XP level 7. HP: 36/36 MP: 4/15
  1537 | D:5      | Found a blossoming altar of Fedhas.
  1765 | D:5      | Found Edynnal's Weapon Emporium.
  1772 | D:5      | Bought 18 stones for 18 gold pieces
  1772 | D:5      | Bought 19 stones for 19 gold pieces
  2006 | D:5      | Reached skill level 9 in Earth Magic
  2072 | D:5      | Found a staircase to the Ecumenical Temple.
  2087 | Temple   | Entered the Ecumenical Temple
  2095 | Temple   | Became a worshipper of Sif Muna the Loreminder
  2136 | D:5      | Reached skill level 10 in Earth Magic
  2185 | D:6      | Reached skill level 5 in Spellcasting
  2185 | D:6      | Reached XP level 8. HP: 41/41 MP: 8/17
  2221 | D:6      | Learned a level 4 spell: Petrify
  2227 | D:6      | Learned a level 5 spell: Lee's Rapid Deconstruction
  2297 | D:7      | Noticed a hippogriff
  2304 | D:7      | Killed a hippogriff
  2308 | D:7      | Reached * piety under Sif Muna
  2363 | D:7      | Got an iridescent falchion
  2364 | D:7      | Identified the cursed +1 falchion of the Grave {elec, Int+4} (You found it on level 7 of the Dungeon)
  2487 | D:8      | Gained mutation: Your body sometimes deteriorates upon taking damage. [mutagenic meat]
  2490 | D:8      | Gained mutation: You have supernaturally acute eyesight. (SInv) [mutagenic meat]
  2495 | D:8      | Reached skill level 10 in Spellcasting
  2509 | D:8      | Reached skill level 1 in Conjurations
  2579 | D:8      | Reached ** piety under Sif Muna
  2582 | D:8      | Reached XP level 9. HP: 37/45 MP: 20/25
  2811 | D:8      | Reached skill level 5 in Conjurations
  3237 | D:9      | Reached *** piety under Sif Muna
  3488 | D:9      | Noticed a cyclops
  3491 | D:9      | Killed a cyclops
  3491 | D:9      | Reached skill level 11 in Earth Magic
  3491 | D:9      | Reached XP level 10. HP: 50/50 MP: 15/26
  3986 | D:10     | Entered Level 10 of the Dungeon
  4032 | D:9      | Noticed a centaur warrior
  4040 | D:9      | Killed a centaur warrior
  4040 | D:9      | Reached **** piety under Sif Muna
  4369 | D:10     | Noticed an unseen horror
  4372 | D:10     | Reached skill level 12 in Earth Magic
  4375 | D:10     | Killed an unseen horror
  4455 | D:10     | Slain by a killer bee

Vault maps used:
D:1:      minmay_arrival_semitransparent, hangedman_abyss_or_decor_lesser_grid
D:2:      lemuel_crystal_altar, minmay_stone_trees_small, serial_bayou_crossing
D:3:      kennysheep_six_static_rooms, serial_corexii_hall,
          corexii_hall_statues_u, corexii_hall_statues_i
D:4:      grunt_temple_overflow_cloverleaf, minitemple, uniq_eustachio
D:5:      corexii_shantytown, fedhas_altar_1, serial_shops, shop, first_bread
D:6:      kennysheep_housing_project, chequers_temple_overflow_minitemple
D:9:      minmay_diamond_stairs
D:10:     david_nohive_1
Temple:   dpeg_chambers_temple

Skill      XL: |  1  2  3  4  5  6  7  8  9 10 |
---------------+-------------------------------+-----
Earth Magic    | 4 5 6 7 8 10 11 12 | 12.3
Spellcasting   | 4 5 10 11 | 11.7
Conjurations   | 2 7 8 |  8.4
Dodging        | |  2.4
Stealth        | |  2.4
Transmutations | |  1.1

Action                   |  1- 3 |  4- 6 |  7- 9 | 10-12 || total
-------------------------+-------+-------+-------+-------++-------
Melee: Unarmed           |     6 |       |       |       ||     6
 Cast: Sandblast         |    41 |    40 |   160 |    40 ||   281
       Stone Arrow       |     7 |     6 |     4 |       ||    17
       Lee's Rapid Decon |       |       |     4 |     3 ||     7
Invok: Divine Energy     |       |       |     1 |       ||     1
  Use: Scroll            |       |       |    13 |     2 ||    15
       Potion            |       |       |     1 |       ||     1
  Eat: Chunk             |       |     2 |     9 |     4 ||    15
Armor: Robe              |     5 |    32 |     6 |     4 ||    47
Dodge: Dodged            |    28 |    77 |    35 |    25 ||   165
